 Dungeon Crawl Stone Soup version 0.20.0-15-g7f486f2 (webtiles) character file.

104 Gargoyl the Skirmisher (level 4, -2/40 HPs)
             Began as a Draconian Abyssal Knight on June 20, 2017.
             Was a Believer of Lugonu.
             Splashed by a jelly's acid (6 damage)
             ... on level 2 of the Dungeon.
             The game lasted 00:02:44 (1172 turns).

Gargoyl the Skirmisher (Draconian Abyssal Knight)   Turns: 1172, Time: 00:02:44

Health: -2/40      AC:  6    Str: 14    XL:     4   Next: 52%
Magic:  5/5        EV: 13    Int: 12    God:    Lugonu [**....]
Gold:   43         SH:  0    Dex: 12    Spells: 3/3 levels left

rFire    . . .     SeeInvis .   a - +2 hand axe
rCold    . . .     Gourm    .   (no shield)
rNeg     . . .     Faith    .   (armour unavailable)
rPois    .         Spirit   .   (helmet restricted)
rElec    .         Reflect  .   (no cloak)
rCorr    .         Harm     .   (no gloves)
MR       .....     Rnd*Tele +   c - +0 pair of boots
Stlth    ++........             (no amulet)
Regen    0.2/turn               e - ring of teleportation (curse)
MPRegen  0.1/turn               (no ring)

@: no status effects
A: unfitting armour, cold-blooded, AC +5
a: Depart the Abyss, Bend Space, Renounce Religion


You were on level 2 of the Dungeon.
You worshipped Lugonu.
Lugonu was pleased with you.
You were not hungry.

You visited 1 branch of the dungeon, and saw 2 of its levels.
You visited the Abyss 1 time.

You collected 43 gold pieces.

Inventory:

Hand Weapons
 a - a +2 hand axe (weapon)
Missiles
 d - 5 tomahawks (quivered)
Armour
 c - a +0 pair of boots (worn)
Jewellery
 e - a cursed ring of teleportation (left hand)
Scrolls
 j - 2 scrolls of identify
 k - 2 scrolls of remove curse {unknown}
Potions
 f - a potion of ambrosia {unknown}
 h - 3 potions of curing {unknown}
 i - a potion of magic {unknown}
 l - 2 potions of might {unknown}
Comestibles
 b - 2 bread rations
 g - 4 fruits


   Skills:
 + Level 3.7 Fighting
 + Level 2.8 Axes
 * Level 3.1 Dodging
 * Level 1.7 Stealth
 * Level 2.4 Invocations


You had 3 spell levels left.
You didn't know any spells.

Dungeon Overview and Level Annotations

Branches:
Dungeon (2/15)

Altars:
Ashenzari


Innate Abilities, Weirdness & Mutations

Your plain brown scales are hard. (AC +5)
You cannot fit into any form of body armour.
You are cold-blooded and may be slowed by cold attacks.


Message History

You hit the ooze.
You hit the fungus. x3; You hit the ooze.
You kill the ooze!
Lugonu accepts your kill.
You hit the ooze.
You kill the ooze!
Lugonu accepts your kill.
The ooze hits the fungus.
The jelly closely misses you.
The ooze hits the fungus.
The ooze closely misses you.
The ooze hits the fungus. x2
You hit the jelly.
Your hands burn!
You tail-slap the jelly.
The jelly is almost dead.
You hit the ooze.
You hit the fungus. x3; The jelly hits you.
You are splashed with acid!
The acid burns!
* * * LOW HITPOINT WARNING * * *
The ooze hits the fungus.
The ooze barely misses you.
The ooze hits the fungus. x3
The jelly jiggles.
The jelly hits you.
* * * LOW HITPOINT WARNING * * *
You are splashed with acid!
The acid burns!
You die...

####..(.(.. #.......
#....... ###########
#....... #....÷..P[#
#.......
#.....P...###....[..
#...P..J..##........
#...JJP...#######.#.
#÷P@JJ÷...# #.##
#÷P.PJP.P.# #.##
##'######## ###...
##(.....## ##.....
########.####......
#....'..###........
#.[..#######.......
#.......##.........
#(......####.......


You could see a jelly and 5 oozes.

Vanquished Creatures
  A jelly (D:2)
  3 oozes (D:2)
  A worm (D:2)
  3 dart slugs
  8 giant cockroaches
  5 hobgoblins
  13 kobolds
  2 ball pythons (D:1)
  4 bats (D:1)
  5 frilled lizards
  7 goblins (D:1)
  A rat (D:2)
53 creatures vanquished.

Vanquished Creatures (others)
  A fungus (D:2)
  8 toadstools (D:2)
9 creatures vanquished.

Grand Total: 62 creatures vanquished

Notes
Turn   | Place    | Note
-------+----------+-------------------------------------------
     0 | Abyss:1  | Gargoyl the Draconian Abyssal Knight began the quest for the Orb.
     0 | Abyss:1  | Reached XP level 1. HP: 19/19 MP: 2/2
     9 | Abyss:1  | Found a corrupted altar of Lugonu.
     9 | Abyss:1  | Found a corrupted altar of Lugonu.
    40 | Abyss:1  | Noticed a large abomination
    66 | Abyss:1  | Noticed a wretched star
    66 | D:1      | Escaped the Abyss
   134 | D:1      | Reached * piety under Lugonu
   159 | D:1      | Reached XP level 2. HP: 18/26 MP: 3/3
   397 | D:1      | Reached skill level 1 in Stealth
   548 | D:1      | Reached XP level 3. HP: 32/33 MP: 4/4
   889 | D:2      | Found a shattered altar of Ashenzari.
   941 | D:2      | Reached ** piety under Lugonu
  1170 | D:2      | Reached XP level 4. HP: 27/40 MP: 5/5
  1172 | D:2      | Splashed by a jelly's acid

Skill      XL: |  1  2  3 |
---------------+----------+-----
Stealth        | 1 |  1.7
Dodging        | 3 |  3.1
Fighting       | |  3.7
Axes           | |  2.8
Invocations    | |  2.4

Action                   |  1- 3 |  4- 6 || total
-------------------------+-------+-------++-------
Melee: Hand axe          |   129 |     2 ||   131
       Tailslap          |    11 |     1 ||    12
Invok: Depart the Abyss  |     1 |       ||     1
  Use: Scroll            |     4 |       ||     4
 Stab: Sleeping          |     4 |       ||     4
  Eat: Chunk             |     1 |       ||     1
Armor: Skin              |    71 |     1 ||    72
Dodge: Dodged            |   149 |     4 ||   153
